Map: Neon Violet Square LE

Players

TIRIRICA - Winner!

  • Race: Terran Terran
  • League: Platinum
  • Spawn Location: 5:00

SpiderTV

  • Race: Zerg Zerg
  • Spawn Location: 11:00

VOD

Have the link to the VOD?

Description

Time

  • Played on: May 8, 2018, 9:52 p.m.
  • Length: 35:22
Show
View Real Time Build Order
Export as new Build Order

TIRIRICA Terran - Winner!

Build Orders: Liberator Opening, Mech 

Get SALT Encoding   

  12  0:01  SCV  
  13  0:17  Supply Depot  
  13  0:23  SCV  
  14  0:31  Refinery  
  14  0:35  SCV  
  15  0:44  Barracks  
  15  0:56  SCV  
  16  1:08  SCV  
  17  1:15  Refinery  
  17  1:20  SCV  
  18  1:32  Supply Depot, SCV  
  19  1:39  Barracks Reactor  
  19  1:44  SCV  
  20  1:49  Factory  
  20  1:56  SCV  
  21  2:09  Orbital Command  
  21  2:17  Marine x2  
  23  2:27  Supply Depot  
  23  2:33  Factory Tech Lab  
  23  2:39  Marine  
  23  2:40  Marine  
  23  2:43  Starport, SCV  
  26  2:54  Siege Tank  
  26  2:55  SCV  
  30  3:10  Liberator  
  30  3:12  Supply Depot  
  30  3:14  Liberator  
  30  3:26  Barracks Tech Lab  
  36  3:43  Barracks Reactor  
  36  3:47  Widow Mine  
  38  4:05  Command Center  
  38  4:12  Factory  
  38  4:21  Hellion  
  38  4:22  Marine x2  
  42  4:32  Supply Depot  
  42  4:40  Marine x2  
  42  4:42  Hellion  
  46  5:19  Liberator x2  
  46  5:35  Engineering Bay  
  46  5:42  Command Center  
  52  5:43  Factory Tech Lab  
  46  6:25  Planetary Fortress  
  46  6:41  Siege Tank x2  
  52  6:56  SCV, Missile Turret  
  53  7:08  SCV  
  53  7:12  SCV  
  53  7:15  Missile Turret  
  55  7:20  SCV  
  56  7:24  SCV  
  56  7:28  Planetary Fortress  
  57  7:33  SCV  
  57  7:36  SCV  
  59  7:38  Missile Turret  
  59  7:42  Refinery  
  59  7:44  Refinery  
  59  7:45  SCV, Missile Turret  
  59  7:49  SCV  
  61  7:54  Factory  
  61  7:57  SCV  
  61  7:58  Missile Turret  
  62  8:01  SCV  
  63  8:09  SCV  
  63  8:11  Bunker  
  60  8:21  SCV x2  
  62  8:32  Armory  
  62  8:33  SCV, Command Center  
  63  8:37  SCV  
  64  8:45  SCV  
  64  8:46  Supply Depot  
  65  8:49  SCV  
  65  8:50  SCV, Refinery  
  65  8:51  Refinery  
  67  8:58  SCV  
  67  9:01  Supply Depot, SCV  
  70  9:02  SCV  
  70  9:05  Factory Tech Lab  
  70  9:09  Supply Depot  
  70  9:10  SCV  
  70  9:13  SCV, Missile Turret  
  70  9:15  SCV  
  73  9:17  Sensor Tower  
  73  9:22  SCV, Viking  
  76  9:25  SCV  
  76  9:27  SCV  
  78  9:34  SCV  
  79  9:39  SCV  
  79  9:40  Supply Depot  
  80  9:46  SCV  
  80  9:48  Siege Tank x2, Missile Turret  
  87  9:54  Starport  
  87  9:58  SCV  
  88  10:00  Orbital Command  
  88  10:07  Missile Turret  
  88  10:10  SCV  
  89  10:16  SCV  
  90  10:23  Refinery  
  90  10:25  Refinery  
  90  10:28  SCV  
  91  10:37  Thor x3  
  91  10:40  Terran Vehicle And Ship Armor Level 1, SCV  
  110  10:48  Armory  
  110  10:52  SCV  
  110  10:56  Command Center  
  111  11:04  SCV  
  112  11:11  SCV  
  112  11:16  SCV  
  114  11:20  Supply Depot  
  114  11:21  Thor x3  
  132  11:31  Supply Depot  
  132  11:42  SCV x2  
  132  11:46  Command Center  
  134  11:50  Terran Vehicle Weapons Level 1  
  134  11:54  SCV x2  
  136  12:01  Factory  
  136  12:09  Planetary Fortress  
  136  12:18  Thor x3  
  154  12:28  Factory  
  146  12:38  Missile Turret  
  146  12:46  Factory Tech Lab  
  146  12:48  Terran Vehicle And Ship Armor Level 2  
  146  12:53  Smart Servos  
  146  12:54  Missile Turret  
  146  12:59  Missile Turret  
  146  13:06  Refinery x2  
  146  13:16  Factory Tech Lab  
  146  13:27  SCV  
  147  13:29  Planetary Fortress  
  147  13:39  SCV, Refinery  
  148  13:44  Thor x2  
  148  13:45  Thor x3  
  178  13:51  SCV, Terran Vehicle Weapons Level 2  
  179  14:18  Command Center  
  179  14:27  Thor, SCV  
  179  14:29  Command Center  
  186  14:36  Thor  
  192  14:39  SCV  
  193  14:50  Factory Tech Lab  
  193  14:52  SCV  
  194  14:53  Thor  
  199  15:27  Missile Turret  
  199  15:33  Terran Vehicle And Ship Armor Level 3  
  199  15:42  Missile Turret  
  199  15:45  Planetary Fortress  
  199  15:47  Missile Turret  
  199  15:50  Planetary Fortress  
  199  15:56  Missile Turret  
  199  16:00  Thor x16  
  199  16:07  Command Center  
  197  16:37  Thor  
  197  16:41  Thor x6  
  137  17:16  Thor x2  
  137  17:17  Thor x2  
  137  17:20  Thor  
  167  17:46  Terran Vehicle Weapons Level 3  
  161  17:51  Factory  
  131  17:59  Thor x4  
  131  18:02  Thor  
  161  18:09  Medivac  
  163  18:32  Refinery  
  163  18:34  Orbital Command  
  163  18:42  Thor x2  
  163  18:43  Hellion x2  
  179  19:04  Hellion x2  
  183  19:13  Factory Tech Lab  
  169  19:25  Thor x2, Hellion x2  
  185  19:40  Refinery  
  185  19:42  Refinery  
  185  19:52  Hellion  
  191  19:53  Hellion x3  
  191  19:54  Infernal Pre-Igniter  
  191  19:58  Terran Infantry Armor Level 1  
  193  20:04  Starport Tech Lab  
  193  20:06  Planetary Fortress  
  193  20:08  Hellion x2  
  193  20:14  Hellion  
  199  20:35  Missile Turret  
  199  20:37  Hellion x9  
  185  21:22  Hellion x4  
  185  21:23  Hellion x2  
  193  21:33  Fusion Core  
  193  21:43  Hellion x2  
  193  21:44  Hellion, Command Center  
  199  21:47  Command Center  
  158  22:34  Thor x3  
  158  22:35  Thor x2  
  172  23:17  Thor x4  
  184  23:59  Thor  
  184  24:00  Thor  
  190  24:40  Planetary Fortress  
  190  24:41  Thor  
  195  25:14  Refinery  
  195  25:16  Thor x7  
  195  25:19  Refinery  
  168  26:50  Thor x5  
  126  27:14  Battlecruiser  
  118  27:30  Command Center  
  118  27:37  Thor x5  
  148  27:48  Starport  
  148  27:58  Command Center  
  148  28:03  Missile Turret  
  148  28:13  Starport  
  148  28:18  Battlecruiser  
  154  28:20  Thor x5  
  184  28:38  Starport  
  184  28:41  Hellion  
  186  28:54  Starport  
  186  28:55  Starport  
  186  28:58  Command Center  
  186  29:02  Hellion, Thor  
  188  29:03  Thor  
  188  29:04  Planetary Fortress  
  200  29:14  Command Center  
  199  29:23  Hellion  
  175  29:57  Starport Tech Lab x2  
  175  29:58  Starport Tech Lab x2  
  167  30:27  Thor x3  
  167  30:28  Thor x2  
  143  31:53  Thor  
  143  31:54  Thor x4  
  161  32:33  Battlecruiser x2  
  161  32:36  Thor x2  
  161  32:37  Thor x3  
  185  33:00  Command Center  
  185  33:19  Thor  
  158  34:20  Thor x3  
Show
View Real Time Build Order
Export as new Build Order

SpiderTV Zerg 

Build Orders: Hatch First 

Get SALT Encoding   

  12  0:01  Drone  
  13  0:13  Overlord  
  13  0:32  Drone x3  
  16  0:43  Drone  
  17  0:58  Hatchery, Drone  
  17  1:07  Drone  
  18  1:13  Extractor  
  17  1:20  Spawning Pool  
  17  1:22  Drone  
  17  1:34  Drone  
  18  1:40  Drone  
  19  1:48  Overlord  
  19  2:11  Drone x2  
  19  2:13  Queen x2  
  25  2:17  Metabolic Boost  
  25  2:22  Zergling x6  
  28  2:33  Drone x2  
  30  2:45  Drone x2  
  30  2:51  Queen  
  32  2:54  Queen  
  36  2:59  Overlord  
  36  3:22  Drone x3  
  36  3:23  Drone  
  40  3:29  Drone x2  
  42  3:36  Hatchery  
  41  3:44  Overlord  
  41  3:45  Overlord  
  41  3:47  Zergling x6  
  44  3:49  Overlord  
  44  3:57  Lair  
  44  4:06  Drone x2  
  46  4:13  Pneumatized Carapace  
  45  4:18  Drone x2  
  45  4:19  Drone x2  
  49  4:37  Extractor  
  49  4:38  Extractor  
  43  4:55  Spore Crawler  
  42  5:12  Spore Crawler  
  41  5:20  Spore Crawler  
  40  5:25  Spore Crawler  
  34  5:31  Extractor  
  34  5:34  Drone x4  
  34  5:47  Hatchery  
  33  5:50  Queen  
  33  5:53  Queen  
  33  5:56  Extractor  
  36  5:57  Drone x6  
  36  5:58  Drone, Overlord  
  36  5:59  Extractor, Overlord x2  
  43  6:07  Hydralisk Den  
  39  6:23  Drone x3  
  39  6:24  Drone x4  
  46  6:41  Drone x4  
  50  6:51  Queen  
  50  6:52  Queen  
  54  7:06  Hydralisk x2  
  54  7:07  Hydralisk  
  60  7:13  Queen  
  62  7:50  Drone x8  
  62  7:51  Hydralisk x2  
  70  7:52  Overlord x3  
  70  7:53  Zergling x2  
  70  7:54  Zergling x6  
  73  8:28  Evolution Chamber x2  
  71  8:35  Infestation Pit  
  70  8:42  Drone x5  
  70  8:43  Drone x6  
  81  8:57  Muscular Augments  
  81  9:05  Spire  
  80  9:13  Hydralisk x4  
  80  9:14  Hydralisk x4  
  96  9:25  Hatchery, Drone x2  
  96  9:26  Drone  
  98  9:33  Drone x7  
  98  9:36  Overseer  
  105  9:46  Drone  
  105  9:47  Drone x6  
  105  9:48  Drone  
  105  9:50  Extractor  
  105  9:51  Extractor  
  111  10:19  Hydralisk, Overlord  
  111  10:20  Overlord x3, Corruptor x3  
  119  10:23  Overlord  
  119  10:24  Overlord x3  
  119  10:30  Zerg Missile Weapons Level 1, Zerg Ground Armor Level 1  
  119  10:39  Drone x5  
  124  10:42  Hatchery  
  124  10:45  Extractor x2  
  124  10:48  Hive  
  121  10:55  Hydralisk  
  121  10:56  Hydralisk x7  
  137  11:05  Grooved Spines  
  137  11:42  Corruptor  
  137  11:43  Corruptor x4  
  137  11:46  Drone x2  
  149  11:47  Drone  
  150  11:54  Drone x2  
  150  11:55  Drone x3  
  155  12:08  Overlord x3, Spore Crawler  
  154  12:09  Overlord x4  
  154  12:10  Overlord  
  150  12:31  Zergling x20  
  150  12:32  Zergling x4  
  150  12:33  Corruptor  
  164  12:48  Zerg Ground Armor Level 2, Zerg Missile Weapons Level 2  
  164  12:53  Greater Spire  
  164  12:58  Overlord x3  
  164  12:59  Hydralisk x2  
  164  13:00  Hydralisk x5  
  164  13:02  Hydralisk  
  164  13:03  Corruptor x2  
  184  13:21  Overseer x4  
  184  13:22  Overseer  
  184  13:28  Hydralisk x2, Corruptor  
  184  13:32  Zergling x18  
  184  13:33  Zergling x2  
  198  14:22  Brood Lord  
  197  15:05  Adrenal Glands  
  187  15:35  Zerg Ground Armor Level 3, Zerg Missile Weapons Level 3  
  187  15:40  Brood Lord x3  
  187  15:41  Brood Lord x3  
  199  15:50  Overseer  
  199  15:58  Zerg Flyer Weapons Level 1  
  199  16:07  Spore Crawler  
  140  17:02  Hydralisk  
  140  17:03  Hydralisk x7  
  140  17:04  Zergling x20  
  140  17:05  Zergling x6  
  145  17:20  Zergling x10  
  146  17:30  Hydralisk  
  146  17:31  Hydralisk x3, Zergling x2  
  155  17:41  Queen  
  152  17:59  Hydralisk x5  
  162  18:06  Ultralisk Cavern  
  162  18:12  Zerg Melee Weapons Level 1  
  161  18:33  Hydralisk x7  
  175  18:36  Zergling x6  
  175  18:37  Zergling x12  
  172  19:10  Ultralisk x3  
  172  19:11  Ultralisk  
  172  19:14  Chitinous Plating  
  196  19:53  Hydralisk  
  196  19:54  Zergling x2  
  193  20:10  Lurker Den  
  189  20:34  Extractor  
  189  20:35  Extractor  
  187  20:36  Hydralisk x3, Ultralisk  
  187  20:38  Zergling x2  
  200  20:43  Zerg Melee Weapons Level 2  
  186  21:15  Ultralisk x4  
  198  21:56  Hatchery  
  123  22:18  Hydralisk x15  
  147  22:30  Lurker x2  
  147  22:31  Lurker x2  
  137  22:56  Zergling x2  
  137  22:57  Hydralisk x8, Zergling x4  
  137  22:58  Hydralisk x4  
  100  23:06  Lurker  
  100  23:07  Lurker x2  
  100  23:10  Hydralisk  
  100  23:11  Hydralisk x4  
  109  23:18  Queen  
  72  23:56  Zergling x2  
  72  23:57  Zergling x28  
  73  24:12  Extractor  
  72  24:18  Extractor  
  66  24:29  Hydralisk x9  
  66  24:30  Zergling x6  
  77  24:36  Zerg Melee Weapons Level 3  
  77  24:38  Zergling x6  
  79  24:44  Hatchery  
  79  24:47  Hatchery  
  79  24:49  Hatchery  
  79  24:50  Hatchery  
  76  24:56  Hydralisk  
  76  24:57  Hydralisk x16  
  76  24:58  Hydralisk  
  112  25:06  Queen x2  
  112  25:07  Queen x4  
  116  25:09  Hydralisk  
  116  25:10  Hydralisk  
  128  25:39  Ultralisk x2  
  128  25:40  Ultralisk x6  
  128  25:41  Hydralisk x6, Ultralisk x2  
  200  25:48  Hatchery  
  157  26:25  Zergling x2  
  157  26:26  Zergling x32  
  157  26:27  Zergling x16  
  113  27:01  Hydralisk x3  
  113  27:02  Hydralisk x15  
  114  27:31  Zergling x4  
  114  27:32  Zergling x18  
  125  27:41  Hatchery  
  125  27:43  Hatchery  
  123  27:45  Hatchery  
  122  28:22  Drone x16  
  122  28:23  Drone x2  
  140  28:27  Hatchery  
  139  28:37  Hatchery  
  137  29:09  Hydralisk  
  137  29:10  Hydralisk x10  
  148  29:29  Hydralisk x13  
  148  29:30  Hydralisk x6  
  181  29:42  Queen  
  181  29:44  Zergling x2  
  134  30:16  Hydralisk x8  
  134  30:17  Zergling x2  
  134  30:18  Zergling x2  
  83  31:24  Hydralisk, Zergling x6  
  83  31:25  Hydralisk x11, Zergling x8  
  91  31:56  Hydralisk x2, Zergling x6  
  91  31:57  Hydralisk x4, Zergling x10  
  109  32:18  Hydralisk x6  
  115  32:27  Extractor  
  115  32:29  Extractor  
  113  32:46  Hatchery  
  112  33:03  Hatchery  
  98  33:33  Hydralisk  
  98  33:34  Hydralisk x6  
  87  33:35  Mutalisk x3, Zergling x2  
  108  33:51  Infestor  
  108  33:52  Infestor x3  
  116  33:56  Neural Parasite  
  74  34:22  Drone x4  
  64  34:31  Hydralisk x3  
  64  34:32  Hydralisk  
Tags
 
Add a new tag
Caveats
  • Supply blocks, unpowered buildings, or Contaminate may cause inaccurate times.
  • Supply counts are checked every 10 seconds.